 Dungeon Crawl Stone Soup version 0.24-a0-433-gbe6fa4f6cc (webtiles) character file.

Game seed: 5992762004765850593

16176 Loading the Basher (level 12, -14/77 HPs)
             Began as a Gargoyle Monk on June 15, 2019.
             Was a Priest of Qazlal.
             Demolished by a sun demon (18 damage)
             ... in a volcano.
             The game lasted 00:49:44 (15673 turns).

Loading the Basher (Gargoyle Monk)                 Turns: 15673, Time: 00:49:46

Health: -14/77     AC: 32    Str: 15    XL:     12   Next: 34%
Magic:  18/18      EV:  7    Int: 12    God:    Qazlal [***...]
Gold:   587        SH:  9    Dex: 16    Spells: 11/11 levels left

rFire    . . .     SeeInvis .   a - +1 mace
rCold    . . .     Gourm    .   n - +0 buckler
rNeg     + . .     Faith    .   q - +0 plate armour
rPois    ∞         Spirit   .   J - +1 hat
rElec    +         Reflect  .   P - scarf {repulsion}
rCorr    .         Harm     .   p - +1 pair of gloves
MR       +....                  (no boots)
Stlth    ..........             (no amulet)
HPRegen  0.22/turn              x - +6 ring of protection
MPRegen  0.16/turn              M - ring of protection from magic

@: studying Slings, repel missiles
A: negative energy resistance 1, electricity resistance, unbreathing,
petrification resistance, rot immunity, AC +8
a: Upheaval, Elemental Force, Renounce Religion


You were in a volcano.
You worshipped Qazlal.
Qazlal was most pleased with you.
You were hungry.

You visited 3 branches of the dungeon, and saw 13 of its levels.
You also visited: Sewer, Ossuary and Volcano.

You collected 587 gold pieces.

Inventory:

Hand Weapons
 a - a +1 mace (weapon)
Armour
 n - a +0 buckler (worn)
 p - a +1 pair of gloves (worn)
 q - a +0 plate armour (worn)
 w - a +0 large shield
 J - a +1 hat (worn)
 P - a scarf of repulsion (worn)
Jewellery
 o - an uncursed ring of wizardry
 x - a +6 ring of protection (left hand)
 y - an uncursed amulet of harm
 F - an uncursed amulet of rage
 H - a cursed ring of teleportation
 L - an uncursed ring of protection from cold
 M - a ring of protection from magic (right hand)
Wands
 d - a wand of acid (8)
 g - a wand of enslavement (3)
 h - a wand of paralysis (7)
 r - a wand of flame (4)
 O - a wand of digging (6)
Scrolls
 e - 2 scrolls of enchant weapon
 f - 4 scrolls of immolation
 k - 6 scrolls of teleportation
 l - 3 scrolls of fear
 m - 5 scrolls of enchant armour
 s - 4 scrolls of magic mapping
 t - 2 scrolls of blinking
 A - 3 scrolls of remove curse
 C - a scroll of fog
Potions
 j - 6 potions of flight
 u - a potion of invisibility {unknown}
 v - a potion of agility
 z - 3 potions of brilliance
 B - 3 potions of lignification
 E - a potion of cancellation
 G - a potion of resistance {unknown}
Books
 b - a manual of Slings
Comestibles
 c - 15 rations


   Skills:
 + Level 9.7 Fighting
 * Level 11.9 Maces & Flails
 + Level 8.8 Armour
 - Level 5.1 Dodging
 - Level 2.1 Stealth
 - Level 5.3 Shields
 * Level 9.3 Invocations


You had 11 spell levels left.
You didn't know any spells.
Your spell library was empty.

Dungeon Overview and Level Annotations

Branches:
Dungeon (8/15)             Temple (1/1) D:7            Lair (4/6) D:8
 Shoals (0/4) Lair:3        Snake (0/4) Lair:4

Altars:
Ashenzari
Cheibriados
Dithmenos
Elyvilon
Fedhas
Gozag
Hepliaklqana
Kikubaaqudgha
Makhleb
Nemelex Xobeh
Okawaru
Qazlal
Ru
Sif Muna
Trog
Uskayaw
Vehumet
Wu Jian
Xom
Yredelemnul
The Shining One

Shops:
D:5 :   D:8 }

Annotations:
D:6 1 runed translucent door
Lair:3 exclusion: 3 oklob plants


Innate Abilities, Weirdness & Mutations

You are resistant to torment.
Your stone body is resilient. (AC +8)
You are immune to poison.
You resist negative energy. (rN+)
You are resistant to electric shocks. (rElec)
You can survive without breathing.
You are immune to petrification.
You are immune to rotting.


Message History

Your plate armour prevents you from hitting the red devil.
The red devil is heavily wounded.
The red devil is engulfed in freezing vapours.
The red devil hits you but does no damage.
The sun demon barely misses you.
You sock the red devil!
You kill the red devil!
Qazlal accepts your kill.
You hear a shout!
The hell hound breathes flames at you.
You hear a sizzling sound!
The red ugly thing headbutts you but does no damage.
The sun demon hits you!
You are engulfed in flames!
You completely miss the sun demon. The red ugly thing headbutts you.
You are engulfed in flames!!
* * * LOW HITPOINT WARNING * * *
The sun demon hits you!
* * * LOW HITPOINT WARNING * * *
You are engulfed in flames!!
You die...

##### #...#
#8_8# ...
... ###h###
#.u)3.#
#..@..#
#.....#
##...##
##+## #.#
##.## ...
#8.8##....
##.......≈≈
##.....§.≈§≈


You could see a red ugly thing, a sun demon and a hell hound.

Vanquished Creatures
  Gastronok (Lair:2)
  A hydra (Lair:3)
  A black mamba (Lair:4)
  5 spiny frogs
  A komodo dragon (Lair:1)
  A rime drake (Lair:1)
  A red devil (Volcano)
  Grinder (D:3)
  3 hornets
  15 blink frogs
  3 hippogriffs
  11 yaks
  Sigmund (D:5)
  A wraith (Ossuary)
  2 basilisks (Lair:3)
  6 fire bats (Volcano)
  A hungry ghost (D:7)
  10 water moccasins
  A porcupine (Lair:1)
  An ice beast (D:8)
  An orc warrior (D:7)
  A sky beast (D:6)
  2 ogres
  5 crocodiles
  The ghost of Amnesiac the Changer, an amateur OpTm (D:6)
  9 bullfrogs
  An elf zombie (Ossuary)
  7 big kobolds
  2 scorpions
  3 wights (D:8)
  4 electric eels
  4 crimson imps
  A centaur zombie (D:5)
  2 bullfrog zombies
  6 lava snakes (Volcano)
  A hound (D:4)
  2 bullfrog skeletons (D:7)
  2 orc priests
  4 jellies
  An orc wizard (D:5)
  Terence (D:3)
  An iguana (D:8)
  4 worker ants
  3 mummies (Ossuary)
  A howler monkey zombie (D:5)
  12 adders
  2 river rats (D:6)
  2 oozes
  2 adder zombies (D:7)
  2 dart slugs (D:1)
  3 worms
  5 leopard geckos
  22 orcs
  12 giant cockroaches
  6 goblins
  8 hobgoblins
  8 jackals
  3 quokkas (D:7)
  4 ball pythons
  9 bats
  4 frilled lizards
  3 goblin zombies (Ossuary)
  19 kobolds
  A kobold zombie (Ossuary)
  An orc zombie (Ossuary)
  3 quokka skeletons
  14 rats
  A butterfly (Lair:3)
  A fungus (Sewer)
  A plant (Sewer)
284 creatures vanquished.

Vanquished Creatures (others)
  A fungus (Lair:2)
  2 plants
3 creatures vanquished.

Grand Total: 287 creatures vanquished

Notes
Turn   | Place    | Note
-------+----------+-------------------------------------------
     0 | D:1      | Loading the Gargoyle Monk began the quest for the Orb.
     0 | D:1      | Reached XP level 1. HP: 14/14 MP: 1/1
    42 | D:1      | Reached XP level 2. HP: 10/19 MP: 2/2
   250 | D:1      | Reached skill level 1 in Armour
   281 | D:1      | Reached XP level 3. HP: 14/23 MP: 3/3
  1092 | D:2      | Reached XP level 4. HP: 29/29 MP: 4/4
  1144 | D:2      | Found a burning altar of Makhleb.
  1178 | D:2      | Found a hazy altar of Hepliaklqana.
  1194 | D:2      | Found a sparkling altar of Nemelex Xobeh.
  1358 | D:2      | Found a snail-covered altar of Cheibriados.
  1483 | D:3      | Reached skill level 4 in Maces & Flails
  1529 | D:3      | Noticed Terence
  1540 | D:3      | Killed Terence
  1646 | D:3      | Reached XP level 5. HP: 30/33 MP: 5/5
  2180 | D:3      | Noticed Grinder
  2184 | D:3      | Paralysed by Grinder for 4 turns
  2195 | D:3      | Paralysed by Grinder for 4 turns
  2199 | D:3      | Killed Grinder
  2199 | D:3      | Reached skill level 5 in Maces & Flails
  2199 | D:3      | Reached skill level 1 in Shields
  2199 | D:3      | Reached XP level 6. HP: 14/39 MP: 6/6
  3295 | D:5      | Entered Level 5 of the Dungeon
  3322 | D:5      | Reached XP level 7. HP: 29/44 MP: 7/7
  3439 | D:5      | Found a transporter.
  3645 | D:5      | Noticed Sigmund
  3679 | D:5      | Killed Sigmund
  3679 | D:5      | Reached skill level 5 in Fighting
  3718 | D:5      | Found Ikiniur's Book Emporium.
  3795 | D:5      | Found a transporter.
  3831 | D:5      | Reached skill level 6 in Maces & Flails
  3918 | D:5      | Reached XP level 8. HP: 49/49 MP: 8/8
  4340 | D:6      | Found a glowing drain.
  4345 | Sewer    | Entered a sewer
  4894 | D:6      | Found a sand-covered staircase.
  4902 | Ossuary  | Entered an ossuary
  4902 | Ossuary  | Noticed a wraith
  4902 | Ossuary  | Noticed a wraith
  4902 | Ossuary  | Noticed a wraith
  5257 | Ossuary  | Reached skill level 7 in Maces & Flails
  5434 | Ossuary  | Noticed a wraith
  5454 | Ossuary  | Killed a wraith
  5670 | D:6      | Reached XP level 9. HP: 46/55 MP: 9/9
  5876 | D:6      | Found an opulent altar of Gozag.
  5951 | D:6      | Found a runed translucent door.
  5978 | D:6      | Noticed Amnesiac's ghost (amateur OpTm)
  6033 | D:6      | Found a runed translucent door.
  6139 | D:6      | Found a white marble altar of Elyvilon.
  6341 | D:6      | Reached skill level 5 in Armour
  6363 | D:6      | Killed Amnesiac's ghost
  6615 | D:7      | Found an iron altar of Okawaru.
  7077 | D:7      | Reached skill level 8 in Maces & Flails
  7365 | D:7      | Reached skill level 5 in Shields
  7371 | D:7      | Reached skill level 5 in Dodging
  7406 | D:7      | Found a staircase to the Ecumenical Temple.
  7479 | D:7      | Found an ornate altar of the Wu Jian Council.
  7579 | Temple   | Entered the Ecumenical Temple
  7650 | Temple   | Became a worshipper of Qazlal Stormbringer
  7650 | Temple   | Reached * piety under Qazlal
  7650 | Temple   | Reached ** piety under Qazlal
  7770 | D:8      | Found Barheha's Gadget Boutique.
  7859 | D:8      | Reached skill level 1 in Invocations
  7859 | D:8      | Reached XP level 10. HP: 32/63 MP: 10/10
  8359 | D:8      | Found a staircase to the Lair.
  8416 | D:8      | Reached skill level 9 in Maces & Flails
  8435 | D:8      | Found a radiant altar of Vehumet.
  8800 | D:8      | Found an ancient bone altar of Kikubaaqudgha.
  8800 | D:8      | Found a sacrificial altar of Ru.
  9177 | Lair:1   | Entered Level 1 of the Lair of Beasts
  9177 | Lair:1   | Noticed a spiny frog
  9192 | Lair:1   | Killed a spiny frog
 10538 | Lair:1   | Reached skill level 5 in Invocations
 10573 | Lair:1   | Reached skill level 10 in Maces & Flails
 11534 | Lair:1   | Reached XP level 11. HP: 65/68 MP: 15/15
 11577 | Lair:2   | Noticed Gastronok
 11951 | Lair:1   | Reached *** piety under Qazlal
 12233 | Lair:2   | Killed Gastronok
 12847 | Lair:1   | Reached skill level 11 in Maces & Flails
 13903 | Lair:3   | Noticed a six-headed hydra
 13911 | Lair:3   | Killed a six-headed hydra
 13911 | Lair:3   | Reached XP level 12. HP: 71/76 MP: 8/18
 13921 | Lair:3   | Found a staircase to the Shoals.
 14822 | Lair:4   | Found a staircase to the Snake Pit.
 14846 | Lair:4   | Found a dark tunnel.
 14855 | Volcano  | Entered a volcano
 15668 | Volcano  | Found a bloodstained altar of Trog.
 15668 | Volcano  | Noticed a sun demon
 15673 | Volcano  | Demolished by a sun demon

Levels and vault maps discovered:
D:1:      minmay_arrival_up_and_down, layout_rooms, feat_on_display
D:2:      layout_loops_ring, nicolae_overflow_quartered_altars, serial_glass,
          glass_columns_b, glass_columns_c, feat_on_display,
          due_unseen_surprise, item_on_display_a, minmay_strange_pillars
D:3:      layout_basic, item_on_display_a, uniq_grinder, uniq_terence
D:4:      layout_basic, first_ration, minmay_misc_feat_rows, minivault_25
D:5:      gammafunk_steamed_eel, layout_cave_pools, serial_shops,
          shop_fountains, uniq_sigmund
D:6:      layout_loops_ring, nicolae_gozag_seed_capital, gup_sewer_entry_bowl,
          chequers_ossuary_entry_cave, ebering_ghost_sewer_f, elyvilon_altar_1
D:7:      minmay_s_stair_smasher, layout_loops_corners, lemuel_round_altar,
          lemuel_round_altar, minmay_temple_entry_drinking_statues, st_stairs_4,
          palyth_stone_intersect
D:8:      layout_loops_corners, gammafunk_temple_overflow_forgotten,
          lair_entry_dummy, serial_shops, shop_fountains,
          hangedman_pestilent_swarm, minmay_manual_maat
Temple:   chequers_temple_sunken
Lair:1:   layout_gridlike, serial_bayou_shore_a
Lair:2:   layout_misc_corridors, uniq_gastronok
Lair:3:   layout_cave_pods, elwin_shoals_entry_rocks, lemuel_fruit_fields,
          grunt_megastairs_1, minmay_lair_oklob_chamber
Lair:4:   layout_regular_city, minmay_snake_entry_six_corridors,
          gammafunk_ghost_hydra_chop, enter_volcano_1, lemuel_fruit_tree
Volcano:  volcano_grotto [vgs_original]

Skill      XL: |  1  2  3  4  5  6  7  8  9 10 11 12 |
---------------+-------------------------------------+-----
Armour         | 1 2 3 4 6 7 8 |  8.8
Maces & Flails | 4 5 6 7 8 10 11 | 11.9
Dodging        | 3 4 5 |  5.1
Fighting       | 4 5 6 7 8 9 |  9.7
Shields        | 1 2 4 5 |  5.3
Invocations    | 1 5 8 9 |  9.3
Stealth        | |  2.1

Action                   |  1- 3 |  4- 6 |  7- 9 | 10-12 || total
-------------------------+-------+-------+-------+-------++-------
Melee: Mace              |   113 |   180 |   767 |   779 ||  1839
Invok: Upheaval          |       |       |       |     2 ||     2
       Elemental Force   |       |       |       |     2 ||     2
Evoke: Wand              |       |       |     7 |       ||     7
  Use: Potion            |       |     6 |     7 |    14 ||    27
       Scroll            |       |       |    23 |     5 ||    28
 Stab: Sleeping          |     1 |       |       |       ||     1
       Distracted        |       |       |       |     1 ||     1
  Eat: Chunk             |     1 |     5 |     8 |    12 ||    26
       Ration            |       |     1 |     6 |     4 ||    11
Armor: Robe              |    39 |       |       |       ||    39
       Chain mail        |    23 |   143 |   336 |       ||   502
       Plate armour      |       |       |   189 |   552 ||   741
       Skin              |       |       |       |     2 ||     2
Dodge: Dodged            |    87 |    73 |   261 |   233 ||   654
       Deflected         |       |       |       |    10 ||    10
Block: Buckler           |       |    11 |   179 |   322 ||   512

Table legend:
 A = Non-vault XP
 B = Vault XP
 C = Vault XP percentage of total XP
 D = Non-vault monster count
 E = Vault monster count
 F = Vault count percentage of total count
                 A         B        C        D         E       F
            +---------+---------+-------+---------+---------+-------
      Total |   14020 |    9089 |  39.3 |     186 |      95 |  33.8
            +---------+---------+-------+---------+---------+-------
        D:1 |      48 |       0 |   0.0 |      27 |       0 |   0.0
        D:2 |      34 |       0 |   0.0 |      11 |       0 |   0.0
        D:3 |      99 |     326 |  76.7 |      32 |       2 |   5.9
        D:4 |      43 |       0 |   0.0 |       1 |       0 |   0.0
        D:5 |     437 |     379 |  46.4 |      19 |       4 |  17.4
        D:6 |     338 |     329 |  49.3 |      10 |      10 |  50.0
        D:7 |     606 |     606 |  50.0 |      12 |      13 |  52.0
        D:8 |    1088 |    1118 |  50.7 |      23 |       7 |  23.3
     Lair:1 |    5846 |       0 |   0.0 |      29 |       0 |   0.0
     Lair:2 |    1889 |    1876 |  49.8 |       9 |       1 |  10.0
     Lair:3 |    3159 |    1005 |  24.1 |      12 |       4 |  25.0
     Lair:4 |     433 |     798 |  64.8 |       1 |       7 |  87.5
      Sewer |       0 |     511 | 100.0 |       0 |      24 | 100.0
    Ossuary |       0 |     361 | 100.0 |       0 |      10 | 100.0
    Volcano |       0 |    1780 | 100.0 |       0 |      13 | 100.0
            +---------+---------+-------+---------+---------+-------
